AoeStats
← nathanm888

Black Forest

509513419Analyzed
2v2 RM · 4d ago on Sep 27, 2026· 94m 49s· 4 players
Game mode
Random Map
Map size
Medium (4 player)
Population
200
Speed
Normal
Resources
Standard
Victory
Conquest
Starting age
Dark Age
Ending age
Imperial Age
RankedLock teamsTeams togetherTeam positionsShared explorationLock speedFull tech treeHidden civsTurbo modeCheats
Victory
Defeat
🇮🇳 Portuguese · India
372
+17
🇲🇽 Bohemians · Mexico
333
+18
🇺🇸 Aztecs · United States
413
-19
🇺🇸 Inca · United States
352
-16
PrimeRepapuz
26:08 Feudal Age
26:22 Man-at-Arms
28:25 Horse Collar
28:36 Double-Bit Axe
31:28 Castle Age
30:05 Wheelbarrow
34:20 Fishing Lines
36:12 Hand Cart
36:03 Heavy Plow
36:50 Gillnets
38:37 Bow Saw
39:13 Scale Mail Armor
39:19 Scale Barding Armor
39:25 Forging
39:06 Fletching
39:17 Padded Archer Armor
41:17 Chain Barding Armor
41:13 Chain Mail Armor
43:33 Imperial Age
42:11 Iron Casting
41:31 Bodkin Arrow
43:40 Ballistics
44:22 Chemistry
43:13 Guard Tower
43:57 Heavy Scorpion
46:25 Coinage
45:41 Elite Hussite Wagon
51:24 Houfnice
53:20 Hussite Reforms
62:54 Onager
64:47 Onager
67:03 Blast Furnace
66:04 Bracer
66:19 Leather Archer Armor
66:35 Plate Mail Armor
66:08 Cavalier
66:10 Light Cavalry
66:51 Husbandry
aamerhussain.hr
0:32 Loom
14:08 Feudal Age
15:54 Town Watch
15:59 Horse Collar
26:32 Gold Mining
26:33 Stone Mining
32:00 Castle Age
34:43 Wheelbarrow
34:09 Town Patrol
34:26 Heavy Plow
34:16 Double-Bit Axe
39:18 Bow Saw
39:50 Stone Shaft Mining
43:01 Imperial Age
40:39 Caravan
41:06 Hand Cart
42:00 Coinage
44:37 Banking
44:18 Guilds
47:11 Chemistry
46:04 Heated Shot
46:26 Fortified Wall
47:00 Elite Organ Gun
49:32 Bombard Tower
49:34 Ballistics
49:05 Guard Tower
49:26 Masonry
49:22 Siege Engineers
49:14 Murder Holes
49:00 Treadmill Crane
49:27 Siphons
54:04 Two-Man Saw
53:37 Crop Rotation
54:34 Keep
54:30 Architecture
54:03 Scale Mail Armor
54:09 Scale Barding Armor
54:04 Padded Archer Armor
53:55 Fletching
54:16 Forging
61:26 Husbandry
60:47 Cavalier
61:50 Bloodlines
61:01 Light Cavalry
66:50 Chain Barding Armor
66:45 Chain Mail Armor
67:06 Iron Casting
66:27 Bodkin Arrow
66:48 Leather Archer Armor
74:21 Plate Barding Armor
74:17 Plate Mail Armor
74:48 Blast Furnace
nathanm888
5:13 Loom
18:31 Feudal Age
20:19 Horse Collar
20:31 Double-Bit Axe
20:43 Champi Runner
21:09 Arson
22:31 Gold Mining
24:12 Stone Mining
27:26 Fishing Lines
34:43 Castle Age
33:18 Wheelbarrow
32:29 Town Watch
40:40 Imperial Age
40:22 Andean Sling
42:18 Hand Cart
42:26 Conscription
41:47 Elite Kamayuk
43:23 Caravan
43:59 Gillnets
43:58 Capped Ram
46:30 Forging
46:20 Scale Mail Armor
46:10 Fletching
46:21 Padded Archer Armor
48:36 Hoardings
48:48 Squires
48:09 Pikeman
48:13 Champi Warrior
48:18 Elite Skirmisher
50:47 Heavy Plow
51:01 Bow Saw
54:29 Iron Casting
54:10 Chain Mail Armor
53:50 Bodkin Arrow
53:56 Padded Archer Armor
54:36 Gold Shaft Mining
54:37 Stone Shaft Mining
54:33 Crop Rotation
54:14 Thumb Ring
53:30 Crossbowman
59:48 Fabric Shields
59:19 Sappers
62:10 Halberdier
62:11 Elite Champi Warrior
62:14 Arbalester
62:26 Siege Ram
62:27 Onager
62:27 Heavy Scorpion
68:16 Herbal Medicine
68:37 Block Printing
68:47 Illumination
68:23 Devotion
68:44 Sanctity
68:34 Redemption
68:45 Heresy
69:01 Theocracy
83:27 Faith
mankey
16:46 Feudal Age
17:56 Arson
24:01 Double-Bit Axe
26:45 Gold Mining
28:58 Castle Age
26:53 Stone Mining
27:19 Forging
27:37 Scale Mail Armor
27:31 Horse Collar
30:02 Wheelbarrow
29:57 Heavy Plow
30:47 Iron Casting
30:50 Gold Shaft Mining
30:48 Bow Saw
31:25 Hand Cart
33:47 Squires
33:31 Eagle Warrior
35:08 Chain Mail Armor
36:09 Caravan
41:06 Imperial Age
42:56 Blast Furnace
42:27 Plate Mail Armor
42:48 Stone Shaft Mining
43:28 Conscription
43:29 Garland Wars
44:59 Elite Jaguar Warrior
47:27 Capped Ram
48:57 Siege Ram
52:38 Elite Eagle Warrior
64:37 Fortified Wall
71:28 Onager
73:13 Siege Onager
Connection lost

Rejoining the realm…

Still unreachable

The connection could not be restored.

Session expired

The server has moved on; the page needs a fresh start.